 Dungeon Crawl Stone Soup version 0.16-a0-3483-g6616b5b (webtiles) character file.

14973 NewYearsCrawler the Severer (level 12, -8/81 HPs)
             Began as a Formicid Fighter on Jan 3, 2015.
             Was a High Priest of Okawaru.
             Killed from afar by Fannar (18 damage)
             ... with a bolt of cold
             ... on level 11 of the Dungeon.
             The game lasted 00:24:29 (15526 turns).

NewYearsCrawler the Severer (Formicid Fighter)     Turns: 15526, Time: 00:24:29

Health: -8/81      AC: 13    Str: 35      XL:     12   Next: 51%
Magic:  16/17      EV:  9    Int:  9      God:    Okawaru [*****.]
Gold:   727        SH: 13    Dex:  8 (10) Spells: 0 memorised, 11 levels left

rFire  . . .     SeeInvis +     p - +0 battleaxe (chop)
rCold  . . .     Clarity  .     t - +3 chain mail
rNeg   + . .     SustAb   .     c - +0 shield
rPois  .         Gourm    .     (helmet unavailable)
rElec  .         Spirit   .     (no cloak)
rCorr  .         Warding  +     (no gloves)
rMut   .         Stasis   +     e - +0 pair of boots
MR     +....                    q - amulet of warding
Stlth  ..........               (no ring)
                                B - +3 ring of strength

@: mighty, somewhat resistant to hostile enchantments, extremely unstealthy
A: permanent stasis, dig shafts and tunnels, four strong arms, antennae 3,
deterioration 1, high mp 1, sense surroundings 1, strong 1, placid magic 1,
MP-powered wands 1
a: Dig, Shaft Self, Heroism, Renounce Religion


You were on level 11 of the Dungeon.
You worshipped Okawaru.
Okawaru was extremely pleased with you.
You were hungry.

You visited 2 branches of the dungeon, and saw 12 of its levels.
You also visited: Sewer.

You collected 758 gold pieces.
You spent 31 gold pieces at shops.

Inventory:

Hand weapons
 a - a +0 war axe
 p - a +0 battleaxe of chopping (weapon)
Missiles
 w - 2 javelins of penetration (quivered)
 z - 8 tomahawks
Armour
 c - a +0 shield (worn)
 e - a +0 pair of boots (worn)
 t - a +3 chain mail (worn)
Jewellery
 q - an amulet of warding (around neck)
 B - a +3 ring of strength (left hand)
Magical devices
 n - a wand of draining (6)
 A - a wand of fireball (1)
Scrolls
 i - 4 scrolls of remove curse
 k - 6 scrolls of identify
 l - 5 scrolls of enchant armour
 r - 2 scrolls of recharging
 s - 3 scrolls of fear
 v - a scroll of amnesia
 x - 2 scrolls of magic mapping
Potions
 f - a potion of curing
 g - a potion of invisibility
 m - 3 potions of brilliance
 u - a potion of agility
Books
 b - a book of Geomancy

   Spells                             Type                      Level
   a - Sandblast                      Earth                        1
   b - Stoneskin                      Transmutation/Earth          2
   c - Passwall                       Transmutation/Earth          3
   d - Stone Arrow                    Conjuration/Earth            3
   e - Petrify                        Transmutation/Earth          4
   f - Lee's Rapid Deconstruction     Earth                        5
 y - a book of Burglary

   Spells                             Type                      Level
   a - Swiftness                      Charms/Air                   2
   b - Passwall                       Transmutation/Earth          3
   c - Passage of Golubria            Translocation                4
   d - Lee's Rapid Deconstruction     Earth                        5
   e - Invisibility                   Hexes                        6
   f - Darkness                       Hexes                        7
 E - a book of Annihilations {highlevel, unknown}

   This book is beyond your current level of understanding.

   Spells                             Type                      Level
   a - Poison Arrow                   Conjuration/Poison           6
   b - Chain Lightning                Conjuration/Air              8
   c - Lehudib's Crystal Spear        Conjuration/Earth            8
   d - Glaciate                       Conjuration/Ice              9
   e - Fire Storm                     Conjuration/Fire             9
Comestibles
 d - 11 bread rations
 h - 6 meat rations
 j - 2 beef jerkies
 o - a fruit
 D - a slice of pizza
 F - 6 chunks of flesh


   Skills:
 - Level 3.2 Fighting
 * Level 16.8 Axes
 - Level 3.2 Armour
 - Level 10.0 Shields


You had 11 spell levels left.
You didn't know any spells.

Dungeon Overview and Level Annotations

Branches:
Dungeon (11/15)            Temple (1/1) D:6            Lair (0/8) D:10
    Orc: D:9-12

Altars:
Ashenzari
Cheibriados
Dithmenos
Elyvilon
Fedhas
Gozag
Kikubaaqudgha
Makhleb
Nemelex Xobeh
Okawaru
Qazlal
Ru
Sif Muna
Trog
Vehumet
Xom
Yredelemnul
Zin
The Shining One

Shops:
D:4 [   D:9 *

Annotations:
D:11 Fannar


Innate Abilities, Weirdness & Mutations

You are under a permanent stasis effect.
You can dig through walls and to a lower floor.
Your four strong arms can wield two-handed weapons with a shield.
You have a pair of large antennae on your head (SInv).
Your body is slowly deteriorating.
You have an increased reservoir of magic (+10% MP).
You passively map a small area around you.
Your muscles are strong. (Str +2)
Your spells are a little easier to cast, but a little less powerful.
You expend magic power (3 MP) to slightly strengthen your wands.


Message History

You slash the ice beast!
You kill the ice beast!
Fannar hits you but does no damage.
Unknown command.
Fannar blocks your attack.
Fannar is heavily wounded.
Fannar gestures wildly while chanting.
Drink which item? (? for menu, Esc to quit)
You feel better.
Fannar mumbles some strange words.
Fannar drains the heat from the surrounding environment!
You feel very cold.
* * * LOW HITPOINT WARNING * * *
Fannar is frozen.
Fannar resists.
Drink which item? (? for menu, Esc to quit)
You feel very mighty all of a sudden.
Fannar says, "I shall freeze you to your soul!"
Fannar points at you and mumbles some strange words.
The bolt of cold hits you!
You die...

### ##.# ###
#####.## #..#
###....##
#...##.......###
#......##..##..#
##....####.######
#.....## #.#
#....e@# #.##
#.....Y# ##.##
##....## ##.## .
, * ###### ##.##
..# ##.####..# ,
#...[...#
##......## ,
#######........#
##...............


You could see Fannar and an ice beast.

Vanquished Creatures
  Josephine (D:11)
  A centaur warrior (D:10)
  Erolcha (D:8)
  5 skeletal warriors (D:9)
  A hill giant (D:10)
  A manticore (D:10)
  A cyclops (D:10)
  A gargoyle (D:11)
  An orange crystal statue (D:8)
  Psyche (D:8)
  A troll (D:10)
  Grinder (D:4)
  2 trapdoor spider zombies
  A centaur simulacrum (D:11)
  A wyvern (D:9)
  A spriggan (D:7)
  3 wraiths
  A deep elf mage (D:10)
  2 hippogriffs (D:8)
  A soldier ant (D:11)
  5 orc warriors
  3 black bears
  A sky beast (D:6)
  3 ogres
  3 centaurs
  2 necrophages
  A phantom (D:7)
  3 ice beasts
  An eye of draining (D:11)
  A crocodile (D:11)
  5 boring beetles (D:10)
  An elf zombie (D:8)
  3 big kobolds (Sewer)
  8 giant frogs
  2 scorpions (D:5)
  A wight (D:8)
  8 killer bees
  2 goliath beetles
  A quasit (D:8)
  A giant frog zombie (D:11)
  5 human zombies (D:8)
  7 crimson imps
  A centaur zombie (D:6)
  3 jellies
  6 centaur skeletons
  A giant frog skeleton (D:10)
  5 orc priests
  2 gnoll shamans
  3 hounds
  17 orc wizards
  3 iguanas (D:8)
  5 worker ants
  An ogre zombie (D:8)
  A hound zombie (D:9)
  A hound skeleton (D:10)
  3 mummies (D:8)
  2 worker ant zombies
  3 river rats
  11 gnolls
  11 adders
  2 orc zombies (D:11)
  5 giant mites
  A shadow imp (D:5)
  7 worms
  An adder skeleton (D:6)
  10 giant geckos
  3 oozes (Sewer)
  33 orcs
  2 ball pythons (Sewer)
  16 bats
  2 bat skeletons
  A bat zombie (D:5)
  10 giant cockroaches
  18 hobgoblins
  8 quokkas
  A ball python skeleton (D:6)
  2 giant gecko zombies
  4 giant newts
  14 goblins
  9 jackals
  A jackal skeleton (D:5)
  26 kobolds
  A quokka skeleton (D:6)
  18 rats
  3 ballistomycetes (D:9)
  A butterfly (D:6)
373 creatures vanquished.

Vanquished Creatures (others)
  A hobgoblin (D:9)
  A giant spore (D:9)
2 creatures vanquished.

Grand Total: 375 creatures vanquished

Notes
Turn   | Place    | Note
--------------------------------------------------------------
     0 | D:1      | NewYearsCrawler, the Formicid Fighter, began the quest for the Orb.
     0 | D:1      | Reached XP level 1. HP: 18/18 MP: 1/1
    97 | D:1      | Reached skill level 4 in Shields
    97 | D:1      | Reached XP level 2. HP: 16/24 MP: 3/3
   262 | D:1      | Reached XP level 3. HP: 7/29 MP: 4/4
   971 | D:2      | Reached skill level 5 in Shields
  1056 | D:2      | Reached XP level 4. HP: 15/35 MP: 5/5
  1771 | D:3      | Reached XP level 5. HP: 28/41 MP: 7/7
  2274 | D:3      | Found a glowing silver altar of Zin.
  2275 | D:3      | Noticed an angel
  2313 | D:4      | Found a deep blue altar of Sif Muna.
  2333 | D:4      | Found a white marble altar of Elyvilon.
  2400 | D:4      | Reached skill level 6 in Shields
  2649 | D:4      | Reached XP level 6. HP: 32/47 MP: 8/8
  2751 | D:4      | Found a glowing drain.
  2788 | Sewer    | Entered a sewer
  3362 | Sewer    | Reached skill level 7 in Shields
  3366 | Sewer    | Reached XP level 7. HP: 14/52 MP: 9/9
  4133 | Sewer    | Reached skill level 5 in Axes
  4454 | D:4      | Noticed Grinder
  4473 | D:4      | Killed Grinder
  4473 | D:4      | Reached skill level 8 in Shields
  4781 | D:4      | Reached XP level 8. HP: 58/58 MP: 11/11
  5052 | D:4      | Found Zainer's Antique Armour Emporium.
  5126 | D:5      | Entered Level 5 of the Dungeon
  5223 | D:5      | Reached skill level 9 in Shields
  6032 | D:5      | Reached skill level 10 in Shields
  6032 | D:5      | Reached XP level 9. HP: 55/64 MP: 12/12
  6209 | D:6      | Found a staircase to the Ecumenical Temple.
  6248 | Temple   | Entered the Ecumenical Temple
  7379 | D:6      | Gained mutation: You passively map a small area around you. [mutagenic meat]
  7380 | D:6      | Gained mutation: Your body is slowly deteriorating. [mutagenic meat]
  7381 | D:6      | Gained mutation: You have an increased reservoir of magic (+10% MP). [mutagenic meat]
  7756 | D:7      | Found a basalt altar of Yredelemnul.
  7938 | D:7      | Gained mutation: You expend magic power (3 MP) to slightly strengthen your wands. [potion of mutation]
  7938 | D:7      | Gained mutation: Your spells are a little easier to cast, but a little less powerful. [potion of mutation]
  7938 | D:7      | Gained mutation: Your muscles are strong. (Str +2) [potion of mutation]
  7945 | D:7      | Reached skill level 10 in Axes
  8356 | D:7      | Reached XP level 10. HP: 31/70 MP: 14/14
  9011 | D:8      | Noticed Erolcha
  9025 | D:8      | Killed Erolcha
  9025 | D:8      | Reached skill level 11 in Axes
  9320 | D:8      | Found a sparkling altar of Nemelex Xobeh.
  9486 | D:8      | Found an iron altar of Okawaru.
  9629 | D:8      | Became a worshipper of Warmaster Okawaru
  9759 | D:8      | Reached skill level 12 in Axes
  9803 | D:8      | Found an ancient bone altar of Kikubaaqudgha.
 10024 | D:8      | Noticed Psyche
 10055 | D:8      | Killed Psyche
 10313 | D:8      | Acquired Okawaru's first power
 10333 | D:8      | Found a shadowy altar of Dithmenos.
 10479 | D:8      | Noticed an orange crystal statue
 10537 | D:8      | Killed an orange crystal statue
 10817 | D:9      | Reached skill level 13 in Axes
 10886 | D:9      | Noticed a skeletal warrior
 10887 | D:9      | Noticed a skeletal warrior
 10925 | D:9      | Killed a skeletal warrior
 10925 | D:9      | Reached XP level 11. HP: 45/75 MP: 14/16
 10932 | D:9      | Killed a skeletal warrior
 11079 | D:9      | Noticed a skeletal warrior
 11080 | D:9      | Noticed a skeletal warrior
 11080 | D:9      | Noticed a skeletal warrior
 11108 | D:9      | Killed a skeletal warrior
 11108 | D:9      | Reached skill level 14 in Axes
 11116 | D:9      | Killed a skeletal warrior
 11127 | D:9      | Killed a skeletal warrior
 11366 | D:9      | Found Javuca's Assorted Antiques.
 11373 | D:9      | Bought a scroll labeled GITZOH YDYENG for 31 gold pieces
 11602 | D:10     | Entered Level 10 of the Dungeon
 11646 | D:10     | Found a staircase to the Lair.
 11664 | D:10     | HP: 1/75 [boring beetle (27)]
 12284 | D:10     | Noticed a centaur warrior
 12295 | D:10     | Killed a centaur warrior
 12295 | D:10     | Reached skill level 15 in Axes
 12618 | D:10     | Noticed a manticore
 12626 | D:10     | Killed a manticore
 13330 | D:10     | Identified a scroll of acquirement
 13464 | D:10     | Reached XP level 12. HP: 63/81 MP: 17/17
 13557 | D:10     | Noticed a cyclops
 13748 | D:10     | Killed a cyclops
 14357 | D:10     | Noticed a hill giant
 14367 | D:10     | Killed a hill giant
 14367 | D:10     | Reached skill level 16 in Axes
 14757 | D:11     | Noticed Josephine
 14779 | D:11     | Killed Josephine
 15129 | D:11     | Acquired Okawaru's second power
 15505 | D:11     | Noticed Fannar
 15526 | D:11     | Killed from afar by Fannar

Action                   |  1- 3 |  4- 6 |  7- 9 | 10-12 || total
-------------------------+-------+-------+-------+-------++-------
Melee: War axe           |   111 |   253 |   592 |   311 ||  1267
       Battleaxe         |       |       |       |   445 ||   445
Throw: Tomahawk          |       |       |       |     7 ||     7
       Javelin           |       |       |       |     2 ||     2
Invok: Heroism           |       |       |       |     2 ||     2
 Abil: Dig               |       |     1 |     1 |    12 ||    14
  Use: Potion            |       |     2 |     9 |     8 ||    19
       Scroll            |       |       |    12 |     5 ||    17
 Stab: Invisible         |       |       |       |     2 ||     2
  Eat: Chunk             |       |     7 |    22 |    19 ||    48
       Meat ration       |       |       |       |     1 ||     1
